 Dungeon Crawl Stone Soup version 0.18-a0-998-gcb3fcb1 (webtiles) character file.

67 Duffy the Digger (level 4, -2/30 HPs)
             Began as a Formicid Earth Elementalist on Jan 5, 2016.
             Slain by a goblin (3 damage)
             ... on level 2 of the Dungeon.
             The game lasted 00:02:43 (2469 turns).

Duffy the Digger (Formicid Earth Elementalist)      Turns: 2469, Time: 00:02:43

Health: -2/30      AC:  3    Str: 13    XL:     4   Next: 38%
Magic:  9/9        EV: 12    Int: 15    God:
Gold:   66         SH:  0    Dex: 11    Spells: 2 memorised, 5 levels left

rFire  . . .     SeeInvis +     b - 64 stones
rCold  . . .     Gourm    .     a - +0 robe
rNeg   . . .     Faith    .     (no shield)
rPois  .         Spirit   .     (helmet unavailable)
rElec  .         Dismiss  .     (no cloak)
rCorr  .         Reflect  .     e - +0 pair of gloves
SustAt .         Harm     .     (no boots)
MR     .....                    (no amulet)
Stlth  ++........               (no ring)
                                (no ring)

@: not resistant to hostile enchantments, unstealthy
A: permanent stasis, dig shafts and tunnels, four strong arms, antennae 3
a: Dig, Shaft Self


You were on level 2 of the Dungeon.
You were not hungry.

You visited 1 branch of the dungeon, and saw 2 of its levels.

You collected 66 gold pieces.


Innate Abilities, Weirdness & Mutations

You are under a permanent stasis effect.
You can dig through walls and to a lower floor.
Your four strong arms can wield two-handed weapons with a shield.
You have a pair of large antennae on your head (SInv).


   Skills:
 - Level 1.7 Dodging
 - Level 2.4 Stealth
 + Level 3.3 Spellcasting
   Level 1.1 Transmutations
 + Level 5.0 Earth Magic


You had 5 spell levels left.
You knew the following spells:

 Your Spells              Type           Power        Failure   Level  Hunger
a - Sandblast             Erth           ###...       2%          1    None
c - Stone Arrow           Conj/Erth      ##....       24%         3    ###....

Inventory:

Hand Weapons
 m - a +0 dagger
Missiles
 b - 64 stones (in hand)
Armour
 a - a +0 robe (worn)
 e - a +0 pair of gloves (worn)
Scrolls
 g - 2 scrolls of enchant armour {unknown}
 i - a scroll of enchant weapon {unknown}
 j - a scroll of teleportation {unknown}
 o - a scroll of blinking {unknown}
Potions
 f - a potion of cure mutation {unknown}
 h - 2 potions of agility {unknown}
 k - a potion of lignification {unknown}
 l - a potion of heal wounds {unknown}
Books
 c - a book of Geomancy
Comestibles
 d - 2 bread rations

Dungeon Overview and Level Annotations

Branches:
Dungeon (2/15)

Altars:


Message History

The goblin closely misses you. The goblin closely misses you.
The goblin barely misses you. The goblin barely misses you.
The goblin hits you but does no damage. The goblin misses you.
The goblin barely misses you. The goblin closely misses you.
The goblin closely misses you. The goblin barely misses you.
The goblin hits you. The goblin hits you but does no damage.
The goblin hits you. The goblin misses you. The goblin closely misses you.
The goblin misses you. The goblin hits you but does no damage.
The goblin closely misses you. The goblin misses you. The goblin hits you.
The goblin hits you. The goblin misses you.
The goblin hits you but does no damage. The goblin closely misses you.
The goblin hits you. The goblin closely misses you. The goblin hits you.
The goblin misses you. The goblin hits you. The goblin closely misses you.
The goblin closely misses you. The goblin hits you but does no damage.
The goblin completely misses you. The goblin hits you.
You die...

#### { #.. #g# ### #@#
..# #.# #.# ##.## #.#
###...# #.# #...#.#
####.#### #.#...#
........# #.#####
.#.#.##.# #.##.##
.....##.#####.#...####


You could see a goblin.

Action                   |  1- 3 |  4- 6 || total
-------------------------+-------+-------++-------
Melee: Dagger            |    23 |       ||    23
 Cast: Sandblast         |    54 |     4 ||    58
  Eat: Chunk             |     4 |     1 ||     5

Notes
Turn   | Place    | Note
--------------------------------------------------------------
     0 | D:1      | Duffy the Formicid Earth Elementalist began the quest for the Orb.
     0 | D:1      | Reached XP level 1. HP: 13/13 MP: 3/3
   319 | D:1      | Reached XP level 2. HP: 19/19 MP: 2/5
   387 | D:1      | Reached skill level 4 in Earth Magic
   861 | D:1      | Reached XP level 3. HP: 10/24 MP: 0/7
  1403 | D:1      | Reached skill level 3 in Spellcasting
  1559 | D:2      | Learned a level 3 spell: Stone Arrow
  2092 | D:1      | Reached XP level 4. HP: 16/30 MP: 3/8
  2231 | D:2      | Reached skill level 5 in Earth Magic
  2469 | D:2      | Slain by a goblin

Vault maps used:
D:1:      denvon_arrival_waterhouse, serial_bayou_pond_c, glass_columns_a,
          lexackson_kobold_supper
D:2:      grunt_decor_mini_mirrors

Vanquished Creatures
  3 gnolls
  2 giant geckos
  A ball python
  2 bats
  A giant cockroach
  7 goblins
  5 hobgoblins
  A giant newt
  9 kobolds
  2 rats
  A plant
34 creatures vanquished.
